 Dungeon Crawl Stone Soup version 0.17.1-3-g152610e (webtiles) character file.

591 mopl the Carver (level 7, 9/60 HPs)
             Began as a Tengu Skald on Mar 8, 2016.
             Was a Follower of the Shining One.
             Quit the game on level 5 of the Dungeon.
             The game lasted 00:07:25 (3114 turns).

mopl the Carver (Tengu Skald)                       Turns: 3114, Time: 00:07:25

Health: 9/60       AC: 23    Str: 12    XL:     7   Next: 39%
Magic:  11/11      EV:  2    Int: 13    God:    the Shining One [*.....]
Gold:   104        SH:  0    Dex: 15    Spells: 2 memorised, 7 levels left

rFire  . . .     SeeInvis .     a - +0 falchion
rCold  . . .     Clarity  .     (armour currently unavailable)
rNeg   + + +     SustAt   .     (no shield)
rPois  +         Gourm    .     (helmet currently unavailable)
rElec  .         Spirit   .     (cloak currently unavailable)
rCorr  .         Warding  .     (gloves currently unavailable)
rMut   .         NoTele   +     (boots unavailable)
MR     .....                    (no amulet)
Stlth  +.........               (no ring)
                                (no ring)

@: tree-form, glowing, not resistant to hostile enchantments, very unstealthy
A: (beak), (talons 0), agile 1, blurry vision 1, (poison resistance), slow
regeneration 1, weak 1, able to fly 1
a: Fly, Renounce Religion


You were on level 5 of the Dungeon.
You worshipped the Shining One.
The Shining One was aware of your devotion.
You were hungry.
You were a tree.
You visited 2 branches of the dungeon, and saw 7 of its levels.
You also visited: Sewer.

You collected 104 gold pieces.

Inventory:

Hand Weapons
 a - a +0 falchion (weapon)
Armour
 l - a +0 cloak (melded)
 o - a +0 ring mail
 q - a +4 scale mail of poison resistance (melded)
 v - a +0 buckler
 A - a +0 leather armour of fire resistance
Scrolls
 b - a scroll of remove curse {unknown}
 e - a scroll of fear {unknown}
 j - a scroll of teleportation
 t - a scroll of random uselessness
 u - a scroll of identify {unknown}
 y - a scroll of magic mapping {unknown}
Potions
 g - a potion of ambrosia {unknown}
 p - a potion of brilliance {unknown}
 r - a potion of flight {unknown}
 w - a potion of curing {unknown}
 x - a potion of heal wounds {unknown}
 z - a potion of invisibility {unknown}
Books
 c - a book of Battle

   Spells                             Type                      Level
   a - Infusion                       Charms                       1
   b - Shroud of Golubria             Charms/Translocation         2
   c - Song of Slaying                Charms                       2
   d - Spectral Weapon                Hexes/Charms                 3
   e - Regeneration                   Charms/Necromancy            3
Comestibles
 d - 2 bread rations
 h - 2 beef jerkies
 i - 4 meat rations
 k - 3 fruits
 n - a slice of pizza


   Skills:
 - Level 2.0 Fighting
 + Level 8.7 Long Blades
 - Level 1.1 Armour
 - Level 1.1 Dodging
 - Level 2.0 Spellcasting
 - Level 2.4 Charms


You had 7 spell levels left.
You knew the following spells:

 Your Spells              Type           Power        Failure   Level  Hunger
a - Infusion              Chrm           #.....       12%         1    ##.....
f - Shroud of Golubria    Chrm/Tloc      #.........   24%         2    ###....


Dungeon Overview and Level Annotations

Branches:
Dungeon (6/15)             Temple (1/1) D:5

Altars:
Elyvilon
Fedhas
Kikubaaqudgha
Makhleb
Nemelex Xobeh
Sif Muna
Vehumet
Xom
Yredelemnul
The Shining One

Annotations:
D:6 Dowan, Duvessa


Innate Abilities, Weirdness & Mutations

((You have a beak for a mouth.))
((You have claws for feet.))
You can fly.
You are agile. (Dex +2)
Scrolls take you a little longer to read.
((Your system is resistant to poisons.))
You regenerate slowly when monsters are visible.
You are weak. (Str -2)


Message History

The orc is heavily wounded.
The orc hits you but does no damage.
You barely miss the orc.
The orc is heavily wounded.
The orc hits you but does no damage.
You hit the orc.
The orc is severely wounded.
You hit the orc.
The orc is almost dead.
The orc hits you but does no damage.
You hit the orc but do no damage.
The orc is almost dead.
The orc hits you but does no damage.
You hit the orc.
You kill the orc!
You cannot move.
You cannot move.
Drink which item? (? for menu, Esc to quit)
Okay, then.
Are you sure you want to abandon this character and quit the game? (Confirm with "yes".)

####### #
#8...8#.#
#.....#.#
#.[♣..#.#
#.....###
#.⌠.⌠.#
#.....# #
#.⌠.⌠.#
#.#.....#
#.#..>(.#
###.....#
#8...8#


There were no monsters in sight!

Vanquished Creatures
  Sigmund (D:4)
  Menkaure (D:5)
  Purgy (Sewer)
  A hound (D:4)
  Ijyb (D:2)
  Terence (D:3)
  A river rat (D:4)
  5 adders
  2 oozes
  A worm (D:2)
  4 giant geckos
  4 orcs
  7 bats
  5 giant cockroaches
  7 hobgoblins
  3 jackals (D:1)
  7 kobolds
  A quokka (D:2)
  A giant gecko skeleton (D:4)
  4 giant newts
  9 goblins
  A quokka skeleton (D:5)
  6 rats
74 creatures vanquished.

Notes
Turn   | Place    | Note
--------------------------------------------------------------
     0 | D:1      | mopl the Tengu Skald began the quest for the Orb.
     0 | D:1      | Reached XP level 1. HP: 12/12 MP: 4/4
   254 | D:1      | Reached skill level 3 in Long Blades
   254 | D:1      | Reached XP level 2. HP: 5/17 MP: 0/6
   486 | D:1      | Learned a level 2 spell: Shroud of Golubria
   886 | D:1      | Reached XP level 3. HP: 21/21 MP: 7/7
  1154 | D:2      | Reached skill level 4 in Long Blades
  1209 | D:2      | Found a faded altar to an unknown god.
  1209 | D:2      | Noticed Ijyb
  1222 | D:2      | Killed Ijyb
  1222 | D:2      | Reached XP level 4. HP: 26/26 MP: 4/8
  1230 | D:2      | Became a worshipper of the Shining One
  1230 | D:2      | Reached * piety under the Shining One
  1736 | D:2      | Reached skill level 5 in Long Blades
  1895 | D:3      | Noticed Terence
  1915 | D:3      | Killed Terence
  1950 | D:3      | Gained mutation: You can fly. [Tengu growth]
  1950 | D:3      | Reached XP level 5. HP: 10/30 MP: 5/9
  2235 | D:4      | Noticed Sigmund
  2263 | D:4      | Killed Sigmund
  2263 | D:4      | Reached skill level 7 in Long Blades
  2263 | D:4      | Reached XP level 6. HP: 10/35 MP: 5/10
  2269 | D:4      | Found a basalt altar of Yredelemnul.
  2322 | D:4      | Found a white marble altar of Elyvilon.
  2659 | D:4      | Found a glowing drain.
  2663 | Sewer    | Entered a sewer
  2786 | Sewer    | Noticed Purgy
  2809 | Sewer    | Killed Purgy
  2809 | Sewer    | Reached skill level 8 in Long Blades
  2809 | Sewer    | Reached XP level 7. HP: 27/40 MP: 11/11
  2901 | D:5      | Entered Level 5 of the Dungeon
  2901 | D:5      | Noticed a wyvern
  2907 | D:5      | Found a staircase to the Ecumenical Temple.
  2922 | Temple   | Entered the Ecumenical Temple
  3070 | D:6      | Noticed Menkaure
  3076 | D:6      | Noticed Duvessa
  3076 | D:6      | Noticed Dowan
  3091 | D:5      | Gained mutation: Your system is resistant to poisons. [potion of mutation]
  3091 | D:5      | Gained mutation: You regenerate slowly when monsters are visible. [potion of mutation]
  3092 | D:5      | Gained mutation: You are agile. (Dex +2) [potion of mutation]
  3092 | D:5      | Gained mutation: Scrolls take you a little longer to read. [potion of mutation]
  3092 | D:5      | Gained mutation: You are weak. (Str -2) [potion of mutation]
  3102 | D:5      | Killed Menkaure
  3114 | D:5      | Quit the game

Action                   |  1- 3 |  4- 6 |  7- 9 || total
-------------------------+-------+-------+-------++-------
Melee: Falchion          |    81 |   159 |    36 ||   276
 Cast: Infusion          |     8 |     5 |       ||    13
 Abil: Fly               |       |     4 |     1 ||     5
  Use: Scroll            |       |       |     4 ||     4
       Potion            |       |       |     3 ||     3
 Stab: Sleeping          |     2 |       |       ||     2
  Eat: Chunk             |       |     7 |     1 ||     8
